[Event "Titled Tuesday Blitz May 24 Early 2022"]
[White "Lazavik, Denis"]
[Black "Maksimovic, Bojan"]
[WhiteFideId "13515110"]
[BlackFideId "14408120"]
[WhiteElo "2437"]
[BlackElo "2448"]
[Result "1-0"]
[Round "03"]
[TimeControl "180+1"]
[Date "2022.05.24"]
[WhiteClock "0:00:09"]
[BlackClock "0:00:01"]

1. d4 d5 2. c4 e5 3. dxe5 d4 4. Nf3 Nc6 5. a3 Nge7 6. b4 Ng6 7. Bb2 a5 8. b5 Ncxe5 9. Qxd4 Qxd4 10. Bxd4 Nxc4 11. e3 Nd6 12. Nbd2 Bd7 13. a4 O-O-O 14. Rc1 Kb8 15. Bd3 f6 16. O-O b6 17. Rfd1 Nb7 18. Nb3 Be6 19. Nfd2 Bb4 20. Be4 Rhe8 21. Bc6 Rf8 22. Rc2 Nf4 23. Nc1 Bf5 24. Be4 Bxe4 25. Nxe4 Ne6 26. Ne2 Nbc5 27. N4c3 Bxc3 28. Nxc3 Nxd4 29. exd4 Rfe8 30. Kf1 Ne4 31. g3 Nxc3 32. Rxc3 Re4 33. Rcd3 Kb7 34. f3 Re7 35. Kf2 Rde8 36. R1d2 Kc8 37. d5 Rd7 38. d6 Re6 39. dxc7 Rxd3 40. Rxd3 Kxc7 41. g4 Re7 42. h4 Re5 43. h5 f5 44. Rc3+ Kb7 45. Rd3 Kc7 46. Kg3 fxg4 47. Kxg4 h6 48. Rc3+ Kb7 49. Rc6 Rg5+ 50. Kh4 Rf5 51. Rg6 Rf4+ 52. Kg3 Rxa4 53. Rxg7+ Kb8 54. Rg6 Rb4 55. Rxb6+ Kc8 56. f4 a4 57. Kg4 a3 58. Ra6 Rb3 59. Kf5 Rxb5+ 60. Kg6 Rb3 61. Kxh6 Kb7 62. Ra4 Rb6+ 63. Kg5 Ra6 64. Rb4+ Kc6 65. Rb1 a2 66. Ra1 Kd7 67. h6 Ke7 68. h7 Ra5+ 69. f5 Ra8 70. Rxa2 Ra3 1-0


[Site "https://www.chess.com"]

[Event "Titled Tuesday Blitz May 24 Early 2022"]
[White "Le, Tuan Minh"]
[Black "Sokolovsky, Yahli"]
[WhiteFideId "12401153"]
[BlackFideId "2820242"]
[WhiteElo "2450"]
[BlackElo "1770"]
[Result "1/2-1/2"]
[Round "03"]
[TimeControl "180+1"]
[Date "2022.05.25"]
[WhiteClock "0:00:37"]
[BlackClock "0:00:10"]

1. d4 d6 2. e4 g6 3. Nc3 Bg7 4. Nf3 a6 5. Bc4 e6 6. Bb3 Ne7 7. O-O O-O 8. Ne2 c5 9. c3 Nbc6 10. Ng3 e5 11. Be3 cxd4 12. cxd4 Bg4 13. dxe5 Nxe5 14. Rc1 Nxf3+ 15. gxf3 Bh3 16. Re1 Bxb2 17. Rc2 Bg7 18. Rd2 Nc6 19. Rxd6 Qa5 20. Rd5 Qc7 21. f4 Be6 22. Rc5 Rad8 23. Qc2 Bxb3 24. Qxb3 Bd4 25. Rcc1 Bxe3 26. Qxe3 Qe7 27. e5 f5 28. Red1 Qe6 29. Qb6 Rd7 30. Rxd7 Qxd7 31. Qb3+ Kh8 32. Rd1 Qe7 33. h4 Rd8 34. h5 Rxd1+ 35. Qxd1 Kg7 36. Qd5 Nd8 37. hxg6 hxg6 38. Qg2 Kf7 39. Qh1 Ne6 40. Qh7+ Ng7 41. Qh8 Qf8 42. Qh4 Qe7 43. Qh1 Qd7 44. Qf3 Ne6 45. Qb3 Qc6 46. Ne2 Qd7 47. a4 b5 48. axb5 axb5 49. f3 Qd2 50. Qxb5 Qe1+ 51. Kg2 Qxe2+ 52. Qxe2 Nxf4+ 53. Kf2 Nxe2 54. Kxe2 Ke6 55. f4 g5 56. fxg5 Kxe5 57. Kf3 Ke6 58. Kf4 Ke7 59. Kxf5 Kf7 60. g6+ Kg7 61. Kg5 Kg8 62. Kf6 Kf8 63. g7+ Kg8 64. Kg6 1/2-1/2


[Site "https://www.chess.com"]

[Event "Titled Tuesday Blitz May 24 Early 2022"]
[White "Leschinsky, Gary"]
[Black "Samadov, Read"]
[WhiteFideId "30951321"]
[BlackFideId "13417444"]
[WhiteElo "1782"]
[BlackElo "2084"]
[Result "1-0"]
[Round "03"]
[TimeControl "180+1"]
[Date "2022.05.24"]
[WhiteClock "0:00:23"]
[BlackClock "0:00:27"]

1. d4 Nf6 2. c4 e6 3. Nc3 Bb4 4. f3 c5 5. d5 b5 6. e4 d6 7. Bd2 Bxc3 8. Bxc3 b4 9. Bd2 O-O 10. Bd3 Ba6 11. Qc2 exd5 12. cxd5 Bxd3 13. Qxd3 Nbd7 14. Ne2 Ne5 15. Qc2 Qb6 16. O-O c4+ 17. Kh1 Nd3 18. Qxc4 Nf2+ 19. Rxf2 Qxf2 20. Bxb4 Qe3 21. Nd4 Rac8 22. Nc6 Kh8 23. Bxd6 Rfe8 24. Qc3 Qf2 25. Be5 Nh5 26. Qe1 Qxe1+ 27. Rxe1 Rxc6 28. dxc6 Rxe5 29. Rc1 Re8 30. c7 Rc8 31. Rd1 1-0


[Site "https://www.chess.com"]

[Event "Titled Tuesday Blitz May 24 Early 2022"]
[White "Levitskiy, Andrey"]
[Black "Shimanov, Aleksandr"]
[WhiteFideId "14132885"]
[BlackFideId "4198603"]
[WhiteElo "2301"]
[BlackElo "2605"]
[Result "0-1"]
[Round "03"]
[TimeControl "180+1"]
[Date "2022.05.24"]
[WhiteClock "0:00:04"]
[BlackClock "0:00:07"]

1. e4 c6 2. Nf3 d5 3. exd5 cxd5 4. Ne5 Nf6 5. d4 Nc6 6. Bb5 Bd7 7. Nxd7 Qxd7 8. c3 e6 9. O-O Bd6 10. Re1 O-O 11. Nd2 Qc7 12. h3 Rab8 13. Nf3 Ne4 14. Ng5 Nf6 15. Nf3 h6 16. Bd3 b5 17. a3 a5 18. b4 e5 19. dxe5 Nxe5 20. Nxe5 Bxe5 21. Bd2 Bxc3 22. Rc1 axb4 23. axb4 d4 24. Qf3 Qd6 25. Bf4 Qxb4 26. Bxb8 Rxb8 27. Re5 Qa4 28. Rb1 b4 29. Rf5 Rb6 30. Rc5 Qe8 31. Qf5 g6 32. Qf3 Kg7 33. Rc7 Qe5 34. Rc4 b3 35. Qa8 b2 36. Rc8 Re6 37. g3 h5 38. Kg2 h4 39. Kh2 hxg3+ 40. fxg3 Qe3 41. Qg2 Qxd3 42. Rf1 Re2 43. Rf2 Rxf2 44. Qxf2 b1=Q 0-1


[Site "https://www.chess.com"]

[Event "Titled Tuesday Blitz May 24 Early 2022"]
[White "Li, Zhuoling"]
[Black "Gracia Alvarez, Gerardo Antonio"]
[WhiteFideId "8605629"]
[BlackFideId "5109124"]
[WhiteElo "2330"]
[BlackElo "2139"]
[Result "1/2-1/2"]
[Round "03"]
[TimeControl "180+1"]
[Date "2022.05.25"]
[WhiteClock "0:00:21"]
[BlackClock "0:00:31"]

1. e4 c5 2. Nf3 Nc6 3. Bb5 d6 4. O-O Bd7 5. Re1 Nf6 6. c3 a6 7. Ba4 b5 8. Bc2 Bg4 9. h3 Bxf3 10. Qxf3 g6 11. d3 Bg7 12. Nd2 O-O 13. Nf1 Rb8 14. Qd1 Nd7 15. Be3 Qb6 16. Qd2 b4 17. Bh6 bxc3 18. bxc3 Qa5 19. Bxg7 Kxg7 20. Ne3 Rb7 21. Bb3 Rfb8 22. Ng4 Nce5 23. Qh6+ Kg8 24. Nxe5 Nxe5 25. d4 c4 26. dxe5 cxb3 27. axb3 Qxc3 28. exd6 exd6 29. Rec1 Qd3 30. Rd1 Qxe4 31. Rxa6 d5 32. Rd6 Rb5 33. Qg5 d4 34. Qf6 Qe5 35. Qxe5 Rxe5 36. R1xd4 Rxb3 37. Kh2 Rf5 38. Rd2 h5 39. h4 Rf4 40. g3 Rf5 41. Kg2 Kg7 42. R6d3 Rxd3 43. Rxd3 Rf6 1/2-1/2


[Site "https://www.chess.com"]

[Event "Titled Tuesday Blitz May 24 Early 2022"]
[White "Livaic, Leon"]
[Black "Guliev, Logman"]
[WhiteFideId "14531534"]
[BlackFideId "13400061"]
[WhiteElo "2540"]
[BlackElo "2128"]
[Result "1-0"]
[Round "03"]
[TimeControl "180+1"]
[Date "2022.05.25"]
[WhiteClock "0:01:05"]
[BlackClock "0:00:07"]

1. d4 Nf6 2. c4 e6 3. Nc3 Bb4 4. Qc2 O-O 5. Nf3 b6 6. e4 d6 7. Bd3 e5 8. Bg5 h6 9. Bh4 Bxc3+ 10. Qxc3 exd4 11. Nxd4 Bb7 12. f3 Nbd7 13. O-O Ne5 14. Nf5 Bc8 15. Ne3 Be6 16. Be2 Nxe4 17. Qxe5 dxe5 18. Bxd8 Nd2 19. Bxc7 Nxf1 20. Kxf1 f6 21. Bd6 Rfd8 22. Bb4 a5 23. Bc3 Rac8 24. Ke1 Kf7 25. Rd1 Ke7 26. Rxd8 Rxd8 27. a4 Rc8 28. b3 Kd6 29. Bd3 h5 30. Ke2 h4 31. Be4 Kc5 32. g4 hxg3 33. hxg3 Rh8 34. f4 Rh2+ 35. Kd3 exf4 36. gxf4 Bh3 37. Bd4+ Kb4 38. Bxb6 Kxb3 39. Bxa5 Kxa4 40. Bd8 Rf2 41. f5 Kb3 42. c5 1-0


[Site "https://www.chess.com"]

[Event "Titled Tuesday Blitz May 24 Early 2022"]
[White "Ljukin, Sergei"]
[Black "Tarigan, Gilbert Elroy"]
[WhiteFideId "14102200"]
[BlackFideId "7108133"]
[WhiteElo "2312"]
[BlackElo "1908"]
[Result "0-1"]
[Round "03"]
[TimeControl "180+1"]
[Date "2022.05.25"]
[WhiteClock "0:00:25"]
[BlackClock "0:00:33"]

1. e4 e6 2. d4 d5 3. Nc3 Bb4 4. e5 b6 5. Qg4 Bf8 6. Nf3 Ba6 7. Bxa6 Nxa6 8. a3 Qd7 9. Be3 Nb8 10. b4 Nc6 11. O-O Nge7 12. Ne2 Nf5 13. Ng3 g6 14. Nxf5 exf5 15. Qh4 h6 16. Bg5 hxg5 17. Qxh8 g4 18. Ng5 Nxd4 19. Nh7 O-O-O 20. Nxf8 Qe7 21. Nxg6 fxg6 22. Qf6 Qh7 23. e6 Rh8 24. h4 Ne2+ 0-1


[Site "https://www.chess.com"]

[Event "Titled Tuesday Blitz May 24 Early 2022"]
[White "Lodici, Lorenzo"]
[Black "Vignesh, N R"]
[WhiteFideId "884189"]
[BlackFideId "25012215"]
[WhiteElo "2265"]
[BlackElo "2363"]
[Result "0-1"]
[Round "03"]
[TimeControl "180+1"]
[Date "2022.05.24"]
[WhiteClock "0:00:01"]
[BlackClock "0:00:28"]

1. e4 c5 2. c3 Nf6 3. Bd3 Nc6 4. Qe2 e5 5. Nf3 g6 6. Na3 Bg7 7. Nc4 d6 8. Ne3 O-O 9. Bc2 d5 10. d3 Re8 11. O-O h6 12. a4 Be6 13. h3 Qc7 14. exd5 Nxd5 15. Ng4 Nf4 16. Qe3 h5 17. Ngxe5 Nxh3+ 18. gxh3 Nxe5 19. Nxe5 Qxe5 20. Qxe5 Bxe5 21. Kg2 Bf5 22. Be3 c4 23. d4 Bxc2 24. dxe5 Rxe5 25. a5 a6 26. Rfe1 Rae8 27. Kf3 Be4+ 28. Kg3 Bf5 29. h4 Re4 30. Bd2 Rg4+ 31. Kf3 Be4+ 32. Ke2 Rxh4 33. Be3 Rg4 34. Kd2 f6 35. Bd4 Kf7 36. Ra4 Bd5 37. Rxe8 Kxe8 38. Bxf6 h4 39. Ra1 h3 40. Be5 Rg2 41. Ke3 g5 42. Rd1 Bc6 43. Rd6 Rg1 44. Rh6 g4 45. Kd4 Re1 46. Bg3 Re2 47. Kxc4 Rxb2 48. Kc5 Rb5+ 49. Kd6 Rxa5 50. Rg6 Rh5 51. Re6+ Kf7 52. Re7+ Kg6 53. Re6+ Kf7 54. Re7+ Kf8 55. Re1 h2 0-1


[Site "https://www.chess.com"]

[Event "Titled Tuesday Blitz May 24 Early 2022"]
[White "Maghsoodloo, Parham"]
[Black "Wadsworth, Matthew J"]
[WhiteFideId "12539929"]
[BlackFideId "415804"]
[WhiteElo "2630"]
[BlackElo "2294"]
[Result "0-1"]
[Round "03"]
[TimeControl "180+1"]
[Date "2022.05.25"]
[WhiteClock "0:00:04"]
[BlackClock "0:00:09"]

1. e4 c5 2. Nf3 e6 3. d4 cxd4 4. Nxd4 Nc6 5. Nc3 Qc7 6. Ndb5 Qb8 7. Be3 a6 8. Nd4 Qc7 9. a3 b5 10. Be2 Bb7 11. f4 Nf6 12. Bf3 Nxd4 13. Qxd4 d6 14. O-O e5 15. fxe5 dxe5 16. Qd2 Bc5 17. Rad1 O-O 18. Bxc5 Qxc5+ 19. Qf2 Qxf2+ 20. Kxf2 Rfd8 21. Ke3 Kf8 22. h4 Ke7 23. g4 h6 24. Ne2 Rxd1 25. Rxd1 Rd8 26. Rg1 g6 27. c3 Bc8 28. g5 hxg5 29. hxg5 Ne8 30. Nc1 Nd6 31. b3 Be6 32. Rh1 Rc8 33. Kd3 a5 34. Kc2 a4 35. bxa4 bxa4 36. Nd3 Bb3+ 37. Kd2 Nc4+ 38. Ke2 Nxa3 39. Nxe5 Rxc3 40. Kd2 Rc2+ 41. Kd3 Nb5 42. Rh8 Rc3+ 43. Kd2 a3 44. Ra8 a2 45. Bd1 Ke6 46. Bxb3+ Rxb3 47. Nc4 Nc3 48. Ra6+ Ke7 49. Ra7+ Kf8 50. Nd6 Rb1 51. Rxf7+ Kg8 52. Ra7 a1=Q 53. Rxa1 Rxa1 54. Kxc3 Rg1 55. Kd4 Rxg5 56. e5 Kf8 57. Kd5 Ke7 58. Nc8+ Kd7 59. Nb6+ Kc7 60. Nc4 Rg4 61. Nd6 Kd7 62. e6+ Ke7 63. Nc8+ Kf6 64. Nb6 Rg1 65. Kd6 Rd1+ 66. Nd5+ Kg7 67. Ke5 g5 68. Nb6 Rf1 69. Nd7 g4 70. Kd6 Re1 71. Ne5 g3 72. e7 Rxe5 73. Kxe5 Kf7 74. Kd6 Ke8 75. Kc7 g2 76. Kd6 g1=Q 77. Ke6 Qg6+ 0-1


[Site "https://www.chess.com"]

[Event "Titled Tuesday Blitz May 24 Early 2022"]
[White "Makhnev, Denis"]
[Black "Kim, Sergey"]
[WhiteFideId "13707647"]
[BlackFideId "13700570"]
[WhiteElo "2501"]
[BlackElo "2545"]
[Result "1-0"]
[Round "03"]
[TimeControl "180+1"]
[Date "2022.05.25"]
[WhiteClock "0:00:25"]
[BlackClock "0:00:39"]

1. d4 Nf6 2. c4 g6 3. g3 Bg7 4. Bg2 d6 5. Nc3 O-O 6. Nf3 Nbd7 7. O-O e5 8. e4 exd4 9. Nxd4 Re8 10. h3 Nc5 11. Re1 c6 12. Qc2 a5 13. Be3 a4 14. Rab1 Nfd7 15. b4 axb3 16. axb3 Ne5 17. Red1 Qc7 18. f4 Ned7 19. Bf2 Nf8 20. b4 Nce6 21. Nde2 Nd7 22. Rd3 Nb6 23. Qb3 Nf8 24. c5 dxc5 25. bxc5 Nbd7 26. e5 Ne6 27. Ne4 Qa5 28. Qc2 Qa2 29. Rb2 Qa1+ 30. Rd1 Qa3 31. h4 Ra5 32. Nd6 Rd8 33. Nxc8 Nexc5 34. Nd6 Raa8 35. Nxb7 Nxb7 36. Rxb7 Nf8 37. Rxd8 Rxd8 38. Qb3 Qa1+ 39. Kh2 Ne6 40. Bh3 1-0


[Site "https://www.chess.com"]

[Event "Titled Tuesday Blitz May 24 Early 2022"]
[White "McCoy, Owen"]
[Black "Polster, Christian"]
[WhiteFideId "30924502"]
[BlackFideId "12965081"]
[WhiteElo "2472"]
[BlackElo "2296"]
[Result "1-0"]
[Round "03"]
[TimeControl "180+1"]
[Date "2022.05.25"]
[WhiteClock "0:00:25"]
[BlackClock "0:00:02"]

1. e4 c5 2. Nf3 d6 3. d4 cxd4 4. Nxd4 Nf6 5. Nc3 a6 6. Be3 e5 7. Nb3 Be6 8. Qd2 Be7 9. f3 O-O 10. O-O-O b5 11. g4 Nbd7 12. g5 b4 13. Ne2 Ne8 14. Kb1 a5 15. Nbc1 a4 16. f4 exf4 17. Bxf4 Nc5 18. Ng3 b3 19. cxb3 axb3 20. a3 Ra4 21. Bg2 Rc4 22. Qe3 Qa5 23. Nce2 Rc2 24. Rc1 Nc7 25. Nd4 Rxg2 26. Nc6 Qb6 27. Nxe7+ Kh8 28. Rhg1 Rxh2 29. Rh1 Rxh1 30. Rxh1 Na4 31. Qd2 1-0


[Site "https://www.chess.com"]

[Event "Titled Tuesday Blitz May 24 Early 2022"]
[White "Mekhitarian, Krikor Sevag"]
[Black "Macovei, Andrei"]
[WhiteFideId "2107660"]
[BlackFideId "13904680"]
[WhiteElo "2598"]
[BlackElo "2472"]
[Result "1-0"]
[Round "03"]
[TimeControl "180+1"]
[Date "2022.05.24"]
[WhiteClock "0:00:15"]
[BlackClock "0:00:01"]

1. d4 Nf6 2. Nf3 d5 3. g3 e6 4. Bg2 b5 5. O-O Bb7 6. a4 b4 7. a5 c5 8. c4 bxc3 9. Nxc3 Be7 10. a6 Bc6 11. Ne5 O-O 12. e4 dxe4 13. Nxc6 Nxc6 14. Nxe4 Nxd4 15. Nxf6+ Bxf6 16. Bxa8 Qxa8 17. f3 Rb8 18. Rf2 Rb3 19. Kg2 h5 20. Ra4 Qb8 21. Bf4 Qb5 22. Ra3 Rxb2 23. Ra2 Rb3 24. Qc1 h4 25. Rab2 Rxb2 26. Rxb2 Qd3 27. Qe3 Qxa6 28. Qe4 g6 29. Be5 Bxe5 30. Qxe5 h3+ 31. Kf2 Kh7 32. Qf6 Qd3 33. Qxf7+ Kh6 34. Qf4+ g5 35. Qe3 Qf5 36. Qe4 Kg6 37. Ra2 Qxe4 38. fxe4 Kf6 39. Ke3 g4 40. Rxa7 Nf3 41. Kf4 Nxh2 42. e5+ Kg6 43. Re7 Nf3 44. Rxe6+ Kh5 45. Re8 h2 46. Rh8+ Kg6 47. e6 Nd4 48. Kxg4 Nxe6 49. Rxh2 c4 50. Rc2 Ng5 51. Rxc4 Nf7 52. Rc6+ Kg7 53. Kf4 Nh6 54. g4 Nf7 55. g5 Nd8 56. Rb6 Nf7 57. Kf5 1-0


[Site "https://www.chess.com"]

[Event "Titled Tuesday Blitz May 24 Early 2022"]
[White "Mestnikov, Aisen"]
[Black "Clawitter, Craig"]
[WhiteFideId "34130117"]
[BlackFideId "2023105"]
[WhiteElo "2027"]
[BlackElo "2230"]
[Result "1-0"]
[Round "03"]
[TimeControl "180+1"]
[Date "2022.05.25"]
[WhiteClock "0:01:24"]
[BlackClock "0:00:14"]

1. d4 e6 2. Nf3 Nf6 3. c4 d5 4. g3 Be7 5. Bg2 O-O 6. O-O dxc4 7. Ne5 Nc6 8. Bxc6 bxc6 9. Nxc6 Qe8 10. Nxe7+ Qxe7 11. Qa4 e5 12. dxe5 Qxe5 13. Nc3 Be6 14. Bf4 Qh5 15. f3 Rab8 16. Qa3 Rb6 17. Rfd1 Nd5 18. Nxd5 Bxd5 19. g4 Rg6 20. Bg3 Qg5 21. f4 Qxg4 22. Rxd5 Qxe2 23. Re5 Qc2 24. Rae1 h5 25. Qxf8+ Kxf8 26. Re8# 1-0


[Site "https://www.chess.com"]

[Event "Titled Tuesday Blitz May 24 Early 2022"]
[White "Meunier-Pion, Jean"]
[Black "Perez Gormaz, Matias"]
[WhiteFideId "20685327"]
[BlackFideId "3406342"]
[WhiteElo "2124"]
[BlackElo "2341"]
[Result "0-1"]
[Round "03"]
[TimeControl "180+1"]
[Date "2022.05.25"]
[WhiteClock "0:00:02"]
[BlackClock "0:00:04"]

1. e4 d5 2. exd5 Qxd5 3. Nc3 Qd8 4. d4 Nf6 5. Nf3 Bf5 6. Bc4 e6 7. Bf4 c6 8. Bb3 Nbd7 9. Qd2 Bb4 10. a3 Ne4 11. Qe3 Bxc3+ 12. bxc3 Qa5 13. O-O Qxc3 14. Rab1 Qxe3 15. fxe3 O-O 16. Ba4 Nb6 17. Bb3 h6 18. Rfe1 Rfd8 19. Be5 Rd7 20. a4 f6 21. Bf4 g5 22. Bg3 Kf7 23. a5 Nd5 24. c4 Ndc3 25. Rb2 Nxg3 26. hxg3 Ne4 27. d5 Nc5 28. Rd1 Nxb3 29. dxe6+ Bxe6 30. Rxd7+ Bxd7 31. Rxb3 Rb8 32. c5 a6 33. Nd2 Be6 34. Rb4 Bd5 35. e4 Be6 36. Kf2 Ke7 37. Ke3 Kd7 38. Rd4+ Kc7 39. Rd6 Re8 40. Nf3 Bd5 41. Rxf6 Rxe4+ 42. Kd3 Rc4 43. Rxh6 Rxc5 44. Rh7+ Kb8 45. Rh8+ Ka7 46. Ne5 Rxa5 47. Nd7 Ra3+ 48. Kd4 Rxg3 49. Nc5 Rg4+ 50. Ke5 Rc4 51. Kd6 a5 52. Rh7 Rb4 53. Rg7 Rb5 54. Rxg5 Rb2 55. Rg4 Rxg2 56. Ra4 b6 57. Nd7 Rg6+ 58. Kc7 Rg7 59. Rd4 Ka6 60. Kd6 Kb5 61. Nb8 Rg6+ 62. Kc7 Kc5 63. Rd2 Rg7+ 64. Nd7+ Rxd7+ 65. Kxd7 a4 66. Rc2+ Bc4 67. Kc7 b5 68. Rg2 a3 69. Rg5+ Bd5 70. Rg2 a2 71. Rb2 b4 72. Kb7 b3 73. Ka6 Kb4 74. Kb6 Ka3 75. Rf2 a1=Q 76. Kc5 Qg1 77. Kd6 Qxf2 78. Ke7 Qf5 79. Ke8 Qh7 80. Kf8 Qf7# 0-1


[Site "https://www.chess.com"]

[Event "Titled Tuesday Blitz May 24 Early 2022"]
[White "Miszler, Levente"]
[Black "Hartikainen, Jarmo"]
[WhiteFideId "763276"]
[BlackFideId "503134"]
[WhiteElo "1966"]
[BlackElo "2121"]
[Result "1-0"]
[Round "03"]
[TimeControl "180+1"]
[Date "2022.05.25"]
[WhiteClock "0:00:12"]
[BlackClock "0:00:02"]

1. Nf3 Nf6 2. g3 g6 3. Bg2 Bg7 4. O-O O-O 5. c4 c5 6. Nc3 Nc6 7. d3 d5 8. cxd5 Nxd5 9. Nxd5 Qxd5 10. Be3 Qh5 11. Rc1 Nd4 12. Nxd4 cxd4 13. Bd2 Bh3 14. Bb4 Bxg2 15. Kxg2 a5 16. Bxe7 Rfe8 17. Rc5 Qg4 18. Rc7 Be5 19. Rxb7 Qc8 20. Qb3 Qc6+ 21. Kg1 a4 22. Qb4 Rab8 23. Rxb8 Rxb8 24. Qa3 Qc2 25. Bd6 Bxd6 26. Qxd6 Qxb2 27. a3 Qb6 28. Qxb6 Rxb6 29. Rc1 Rb3 30. Rc4 Rxa3 31. Rxd4 Ra2 32. e3 Kf8 33. Kg2 Ke7 34. Kf3 Ke6 35. h4 h5 36. Rd8 Rd2 37. e4 a3 38. Ke3 a2 39. Ra8 Rb2 40. d4 Rb3+ 41. Kf4 Rb2 42. f3 Rf2 43. Ra6+ Ke7 44. e5 Kd7 45. d5 Ke7 46. Ra7+ Ke8 47. g4 hxg4 48. Kxg4 Rg2+ 49. Kf4 Rh2 50. Kg5 Rg2+ 51. Kf6 Rf2 52. Ra8+ Kd7 53. Kxf7 Rxf3+ 54. Kxg6 Rg3+ 55. Kf5 Rf3+ 56. Ke4 Rf2 57. Ra7+ Kd8 58. e6 Re2+ 59. Kd4 Rd2+ 60. Ke5 Rh2 61. Kd6 Kc8 62. e7 Kb8 63. Rxa2 Rxa2 64. e8=Q+ Kb7 65. Qc6+ Ka7 66. Qc7+ Ka8 67. Qc6+ Ka7 68. Qc5+ Ka8 69. Qc4 Ra7 70. Qc8# 1-0


[Site "https://www.chess.com"]

[Event "Titled Tuesday Blitz May 24 Early 2022"]
[White "Molina, Roberto Junio Brito"]
[Black "Pein, Jonathan"]
[WhiteFideId "2109450"]
[BlackFideId "417092"]
[WhiteElo "2432"]
[BlackElo "2140"]
[Result "1-0"]
[Round "03"]
[TimeControl "180+1"]
[Date "2022.05.24"]
[WhiteClock "0:00:17"]
[BlackClock "0:00:13"]

1. d4 e6 2. c4 Bb4+ 3. Bd2 Bxd2+ 4. Qxd2 Nf6 5. Nc3 d6 6. e4 Nc6 7. d5 Ne7 8. Nf3 e5 9. h3 O-O 10. Bd3 c6 11. O-O-O Rb8 12. Kb1 Qa5 13. g4 b5 14. cxb5 cxb5 15. Ne2 b4 16. Nc1 Ba6 17. Nb3 Bxd3+ 18. Qxd3 Qa4 19. Rc1 Rfc8 20. Nfd2 Ng6 21. Rxc8+ Rxc8 22. Rc1 Rxc1+ 23. Nxc1 Qd1 24. Qc2 Qe1 25. f3 h6 26. Nc4 Nh4 27. Nxd6 Nxf3 28. Qc8+ Kh7 29. Qf5+ Kg8 30. Qxf3 Qd2 31. Qd3 Qe1 32. Nc4 Nxe4 33. d6 Nc5 34. d7 Nxd7 35. Qxd7 Qe4+ 36. Qd3 Qf4 37. Ne3 e4 38. Qd8+ Kh7 39. Qd4 Qf3 40. Nf5 f6 41. Qe3 g6 42. Qxf3 exf3 43. Ne3 f5 44. Nd3 fxg4 45. Nxg4 h5 46. Nge5 f2 47. Nxf2 g5 48. Nf3 Kg6 49. Ne4 Kf5 50. Nexg5 1-0


[Site "https://www.chess.com"]

[Event "Titled Tuesday Blitz May 24 Early 2022"]
[White "Nguyen, Quoc Hy"]
[Black "Gschnitzer, Adrian"]
[WhiteFideId "12410853"]
[BlackFideId "1270337"]
[WhiteElo "1938"]
[BlackElo "2294"]
[Result "1/2-1/2"]
[Round "03"]
[TimeControl "180+1"]
[Date "2022.05.25"]
[WhiteClock "0:00:08"]
[BlackClock "0:00:05"]

1. d4 Nf6 2. c4 c5 3. d5 b5 4. cxb5 a6 5. bxa6 g6 6. Nc3 Bg7 7. e4 O-O 8. Nf3 Qa5 9. e5 Ng4 10. Bf4 d6 11. exd6 exd6 12. Be2 Bxa6 13. O-O Re8 14. Bxa6 Qxa6 15. h3 Ne5 16. Nxe5 dxe5 17. Be3 Nd7 18. d6 Qb7 19. Qb3 Qc6 20. Qd5 Ra6 21. Rfd1 Rb8 22. b3 e4 23. Rac1 Qxd5 24. Rxd5 Bxc3 25. Rxc3 Rxa2 26. Bxc5 Rb5 27. b4 f5 28. g3 Kf7 29. Rd1 Ke6 30. Re1 Kd5 31. Rd1+ Ke6 32. h4 Ra8 33. Kg2 Rc8 34. Rdc1 Ne5 35. Ra1 Rb7 36. Bd4 Rxc3 37. Bxc3 Nc4 38. h5 Nxd6 39. hxg6 hxg6 40. Rh1 Nf7 41. Rh7 Rc7 42. Bd2 Rc2 43. Be3 Rb2 44. Rg7 Ne5 45. Bd4 Rxb4 46. Bxe5 Kxe5 47. Rxg6 Rb2 48. Rg5 e3 49. Kf3 e2 50. Rg8 e1=N+ 51. Ke3 Nc2+ 52. Kf3 Nd4+ 53. Kg2 Ke4 54. Re8+ Kd3 55. Re5 Re2 56. Rd5 Re4 57. Ra5 Ke2 58. Ra2+ Ke1 59. Ra3 Kd2 60. Ra2+ Nc2 61. Ra5 Ke2 62. Rxf5 Ne3+ 63. fxe3 Kxe3 64. Rf3+ Kd4 65. Kh3 Ke5 66. g4 Re1 67. Rf5+ Ke6 68. Kh4 Rh1+ 69. Kg5 Rg1 70. Rf6+ Ke5 71. Rf5+ Ke6 72. Rf4 Ke5 73. Rf5+ Ke6 1/2-1/2


[Site "https://www.chess.com"]

[Event "Titled Tuesday Blitz May 24 Early 2022"]
[White "Nugumanov, Bakhtiyar"]
[Black "Avazkhonov, Alikhon"]
[WhiteFideId "13701797"]
[BlackFideId "14208504"]
[WhiteElo "2262"]
[BlackElo "1739"]
[Result "0-1"]
[Round "03"]
[TimeControl "180+1"]
[Date "2022.05.25"]
[WhiteClock "0:00:02"]
[BlackClock "0:00:02"]

1. Nf3 Nf6 2. c4 g6 3. Nc3 Bg7 4. g3 O-O 5. Bg2 d6 6. O-O Nbd7 7. d3 e5 8. Rb1 Ne8 9. e4 h6 10. d4 f5 11. dxe5 dxe5 12. Nh4 Kh7 13. exf5 gxf5 14. Nxf5 Rxf5 15. Qc2 Ndf6 16. Bh3 e4 17. Bxf5+ Bxf5 18. Rd1 Qe7 19. Nd5 Nxd5 20. Rxd5 Bg6 21. Be3 c6 22. Rd2 Nf6 23. Rbd1 Ng4 24. b3 Nxe3 25. fxe3 Rf8 26. Rd7 Qc5 27. Qe2 Rf3 28. Rxb7 Rxe3 29. Qf2 Qg5 30. Rdd7 Rf3 31. Rxg7+ Kh8 32. Qe1 Qc5+ 33. Kg2 Re3 34. Qd1 Rd3 35. Qf1 Rd2+ 36. Kh1 Rf2 37. Qd1 Qf8 38. Rxg6 Rf1+ 39. Kg2 Rxd1 0-1


[Site "https://www.chess.com"]

[Event "Titled Tuesday Blitz May 24 Early 2022"]
[White "Odegov, Artem"]
[Black "Brodowski, Piotr"]
[WhiteFideId "34183644"]
[BlackFideId "1124480"]
[WhiteElo "2286"]
[BlackElo "2431"]
[Result "0-1"]
[Round "03"]
[TimeControl "180+1"]
[Date "2022.05.25"]
[WhiteClock "0:00:03"]
[BlackClock "0:00:22"]

1. d4 d6 2. c4 e5 3. Nf3 e4 4. Nfd2 f5 5. e3 Nf6 6. Nc3 Be7 7. Be2 c6 8. Qc2 O-O 9. d5 Nbd7 10. O-O a5 11. Rd1 Nc5 12. Nb3 Na6 13. a3 Qc7 14. Nd4 Bd7 15. Bd2 Rac8 16. Rac1 Qb6 17. Na4 Qc7 18. Ne6 Bxe6 19. dxe6 Rfd8 20. Bc3 d5 21. cxd5 Nxd5 22. Bxa6 bxa6 23. Bd4 Bd6 24. g3 Qe7 25. Bc5 Qxe6 26. Bxd6 Qxd6 27. Nc5 Qh6 28. Nxa6 Rd6 29. Nc5 Qh3 30. Qe2 Rh6 31. f4 exf3 32. Qf2 Nxe3 33. Rd7 Ng4 34. Qc2 f2+ 35. Qxf2 Nxf2 36. Kxf2 Qxh2+ 37. Ke3 Qxg3+ 38. Kd4 Rh4+ 39. Ne4 Rxe4+ 40. Kc5 Qe5+ 41. Kb6 Qb5+ 42. Ka7 Ree8 43. Rxg7+ Kxg7 44. Rg1+ Kh8 45. Rg8+ Kxg8 0-1


[Site "https://www.chess.com"]

[Event "Titled Tuesday Blitz May 24 Early 2022"]
[White "Oganian, Miran"]
[Black "Lamaze, Simon"]
[WhiteFideId "4122488"]
[BlackFideId "36069264"]
[WhiteElo "2357"]
[BlackElo "1999"]
[Result "1-0"]
[Round "03"]
[TimeControl "180+1"]
[Date "2022.05.25"]
[WhiteClock "0:02:12"]
[BlackClock "0:01:07"]

1. e4 c5 2. Nf3 Nc6 3. c3 Nf6 4. e5 Nd5 5. d4 cxd4 6. cxd4 d6 7. Bc4 e6 8. O-O Be7 9. Bd2 O-O 10. Nc3 Nb6 11. Bb3 dxe5 12. dxe5 Na5 13. Bc2 Nac4 14. Qe2 Nxd2 15. Nxd2 Bd7 16. Nde4 Bc6 17. Rad1 Nd7 18. Nf6+ Bxf6 19. exf6 g6 20. Ne4 Qc7 21. Rxd7 Qxd7 22. Qe3 1-0


[Site "https://www.chess.com"]

[Event "Titled Tuesday Blitz May 24 Early 2022"]
[White "Onslow, Alfie"]
[Black "Tasev, Dejan"]
[WhiteFideId "436976"]
[BlackFideId "936618"]
[WhiteElo "1885"]
[BlackElo "2253"]
[Result "0-1"]
[Round "03"]
[TimeControl "180+1"]
[Date "2022.05.25"]
[WhiteClock "0:00:06"]
[BlackClock "0:00:32"]

1. e4 e5 2. Bc4 Nc6 3. d3 Nf6 4. Nc3 Bc5 5. f4 d6 6. f5 a6 7. a4 Nd4 8. Nf3 c6 9. Nxd4 exd4 10. Ne2 d5 11. exd5 cxd5 12. Bb3 Bxf5 13. O-O Be6 14. Bg5 Qd6 15. Kh1 O-O-O 16. Rxf6 gxf6 17. Bxf6 Rhg8 18. Bxd8 Qxd8 19. Qe1 Bb6 20. Qf2 Qg5 21. Rg1 Bc7 22. Nxd4 Qe5 23. Nf3 Qxb2 24. d4 Qa3 25. Qh4 Qd6 26. Ne5 Kb8 27. c4 dxc4 28. Bxc4 Bc8 29. Bxf7 Rg7 30. Bh5 Bb6 31. Nc4 Qxd4 32. Qxd4 Bxd4 33. Bf3 Bxg1 34. Kxg1 Bd7 35. a5 Rg5 36. Nd6 Bc6 37. Bxc6 bxc6 38. Nc4 Rc5 39. Nb6 Rxa5 0-1


[Site "https://www.chess.com"]